AoeStats
← 河北彩花

Black Forest

510054330Analyzed
4v4 RM · 2d ago on Sep 29, 2026· 10m 26s· 8 players
Game mode
Random Map
Map size
Large (8 player)
Population
200
Speed
Normal
Resources
Standard
Victory
Conquest
Starting age
Dark Age
Ending age
Imperial Age
RankedLock teamsTeams togetherTeam positionsShared explorationLock speedFull tech treeHidden civsTurbo modeCheats
Victory
Defeat
🇳🇴 Japanese · Norway
1240
+10
🇹🇷 Khmer · Türkiye
1208
+12
🇲🇽 Turks · Mexico
1155
+14
🇳🇿 Wu · New Zealand
1125
+15
🇲🇴 Danes · Macao SAR China
1196
-17
🇨🇳 Mongols · China
1099
-12
🇨🇳 Teutons · China
1068
-11
🇹🇼 Khmer · Taiwan
1063
-11
Gin
1:46 Loom
11:32 Feudal Age
Dr. Watson
5:03 Loom
11:17 Feudal Age
scrawnny12
10:14 Feudal Age
SHADOW2727z
0:37 Loom
12:32 Feudal Age
juju9292
河北彩花
0:37 Loom
xi jinping
天道
10:00 Loom
Connection lost

Rejoining the realm…

Still unreachable

The connection could not be restored.

Session expired

The server has moved on; the page needs a fresh start.